 Dungeon Crawl Stone Soup version 0.30.0-19-g36f170ea60 (webtiles) character file.

Game seed: 11078050815241821017

1218 Jannitor the Trooper (level 8, -5/61 HPs)
             Began as a Djinni Delver on May 28, 2023.
             Was a Plaything of Xom.
             Slain by a two-headed ogre
             ... wielding a +0 giant club
              (20 damage)
             ... on level 7 of the Dungeon on May 29, 2023.
             The game lasted 00:12:13 (6225 turns).

Jannitor the Trooper (Djinni Delver)                Turns: 6225, Time: 00:12:16

Health: -5/61      AC: 11    Str:  9    XL:     8   Next: 75%
Gold:   157        EV: 11    Int: 13    God:    Xom [...*..] SH:  0 Dex: 12

rFire   + . .        D - +0 broad axe (heavy)
rCold   + . .        (no shield)
rNeg    . . .        k - +0 ring mail
rPois   ∞            (no helmet)
rElec   .            y - +2 cloak
rCorr   .            x - +0 pair of gloves
SInv    .            (boots unavailable)
Will    +++..        (no amulet)
Stlth   ++           f - ring of Sigoarua {Ice rPois Will+++ Str-2}
HPRegen 0.30/turn    j - ring of protection from cold
MPRegen 0.00/turn

%: infuse magic (-6 HP)
@: mighty, flying
A: sickness immunity, fire resistance 2, cold vulnerability 1, float, innate
caster, HP casting, extra vitality 1, clumsy 1, sense surroundings 1, shaggy fur
2, weak 1
a: Renounce Religion


You were on level 7 of the Dungeon.
You worshipped Xom.
You were a favourite toy of Xom.
You visited 1 branch of the dungeon, and saw 7 of its levels.
You also visited: Sewer.

You collected 327 gold pieces.
You spent 170 gold pieces at shops.

Inventory:

Hand Weapons
 a - a +0 falchion
 h - a +1 long sword of draining
 D - a +0 heavy broad axe (weapon)
Armour
 b - a +0 leather armour
 k - a +0 ring mail (worn)
 x - a +0 pair of gloves (worn)
 y - a +2 cloak (worn)
Jewellery
 f - the ring of Sigoarua (left hand) {Ice rPois Will+++ Str-2}
   (You acquired it on level 3 of the Dungeon)

   [ring of ice]

   It enhances your ice magic.
   Str:       It affects your strength (-2).
   rF:        It makes you vulnerable to fire.
   rC:        It protects you from cold.
   rPois:     It protects you from poison.
   Will:      It greatly increases your willpower.
 j - a ring of protection from cold (right hand)
 t - a ring of wizardry
 A - a ring of fire
Wands
 g - a wand of digging (3)
Scrolls
 c - 3 scrolls of fog
 d - 2 scrolls of magic mapping
 e - a scroll of fear
 i - a scroll of amnesia
 l - a scroll of silence {unknown}
 m - a scroll of enchant armour
 n - 2 scrolls of noise
 r - a scroll of poison
 s - a scroll of vulnerability
 v - a scroll of torment
 w - 2 scrolls of teleportation
 B - a scroll of blinking {unknown}
 G - 7 scrolls of identify
 H - a scroll of butterflies {unknown}
Potions
 o - 2 potions of lignification
 p - 6 potions of curing
 q - 2 potions of flight {unknown}
 u - 2 potions of ambrosia {unknown}
 C - 2 potions of brilliance
 E - 2 potions of heal wounds {unknown}
 F - 2 potions of haste
 I - a potion of magic {unknown}
 J - a potion of might
 K - a potion of invisibility {unknown}


   Skills:
 + Level 5.9 Fighting
 - Level 3.9 Long Blades
 * Level 3.6 Axes
 - Level 3.0 Armour
 - Level 4.8 Dodging
 - Level 4.1 Stealth
 - Level 1.3 Spellcasting


You knew the following spells:

 Your Spells              Type           Power      Damage    Failure   Level
a - Beastly Appendage     Tmut           8%         N/A       38%         1
b - Static Discharge      Conj/Air       8%         2-3/arc   52%         2
c - Ensorcelled Hibernat  Hex/Ice        12%        N/A       52%         2
Your spell library was empty.

Dungeon Overview and Level Annotations

Branches:
Dungeon (7/15)             Temple (0/1) D:6           Sewer (visited)

Altars:
Ru
Xom
Yredelemnul
Zin

Shops:
D:6 :=!(

Annotations:
D:3 3 runed translucent doors, dertzug's ghost, amateur MiGl
D:4 1 runed translucent door, Rye's ghost, novice HuBe


Innate Abilities, Weirdness & Mutations

You are immune to sickness and miasma.
You are immune to poison.
Your flesh is very heat resistant. (rF++)
You are vulnerable to cold. (rC-)
You float through the air rather than walking.
You learn spells naturally, not from books.
Your magical power is your life essence.
You have superior vitality. (+4 MHP)
You are clumsy. (Dex -2)
You passively map a small area around you.
You are covered in thick fur. (AC +2)
You are weak. (Str -2)


Message History

Done exploring.
(D) Dungeon (T) Temple
Where to? (? - help)
You are now a plaything of Xom.
(D) Dungeon (T) Temple
Where to? (Enter - D:7, ? - help)
There is a stone staircase leading down here.
You fly downwards.
There is a stone staircase leading up here.
A two-headed ogre is nearby!
A two-headed ogre is nearby!
Okay, then.
Unknown command.
You feel very mighty all of a sudden.
Xom plays with reality for a moment.
You radiate an aura of cold.
The two-headed ogre seems to slow down.
Unknown command.
Xom decides to shift things around a little.
The two-headed ogre blinks!
You are now a favourite toy of Xom.
The two-headed ogre is no longer moving slowly.
Things that are here:
a +0 leather armour; a +0 short sword; a +0 whip The two-headed ogre hits you with a +0 giant club.
The two-headed ogre closely misses you.
You hit the two-headed ogre.
The two-headed ogre is lightly wounded.
The two-headed ogre hits you with a +0 giant club! x2
You barely miss the two-headed ogre.
The two-headed ogre is lightly wounded.
The two-headed ogre misses you.
The two-headed ogre hits you but does no damage.
You hit the two-headed ogre.
The two-headed ogre is lightly wounded.
The two-headed ogre closely misses you.
The two-headed ogre hits you with a +0 giant club! x2
* * * LOW HITPOINT WARNING * * *
The two-headed ogre hits you with a +0 giant club!!
You die...
Xom roars with laughter!

# #.### * ## ##.#
#### * .#######..##
#... ...........###
*#).#
#............####..#
######....###.....#
######*####.## * ~~~
#[[## ## + ,
,~#@..#####..,, , *
, #O......:#* * * *
~#.......## ~ *
~#.<....## , , ,
#.....## #. ,
*,~#......# #. , *
#......## #.. ## , ,
#.......## #.. .. ~,
** ** #........#
#...


You could see a two-headed ogre.

Vanquished Creatures
  2 ogres
  A phantom (D:6)
  A kobold brigand (Sewer)
  Blork the orc (D:5)
  2 bullfrogs
  A howler monkey (D:6)
  A jelly (D:6)
  3 hounds (D:5)
  2 sleepcaps
  2 iguanas
  4 orc wizards
  6 adders
  2 river rats (Sewer)
  A white imp (D:7)
  An ufetubus (D:5)
  4 dart slugs
  20 orcs
  10 endoplasms
  A giant cockroach (D:6)
  5 goblins
  6 hobgoblins
  2 jackals
  12 quokkas
  8 ball pythons
  7 bats
  9 frilled lizards
  12 kobolds
  7 rats
133 creatures vanquished.

Vanquished Creatures (collateral kills)
  Menkaure (D:5)
1 creature vanquished.

Grand Total: 134 creatures vanquished

Notes
Turn   | Place    | Note
-------+----------+-------------------------------------------
     0 | D:5      | Jannitor the Djinni Delver began the quest for the Orb.
     0 | D:5      | Reached XP level 1. HP: 20/20 MP: 0/0
     1 | D:5      | Noticed a hound
    42 | D:5      | Noticed a hound
    68 | D:5      | Reached XP level 2. HP: 14/25 MP: 0/0
   146 | D:4      | Reached XP level 3. HP: 30/30 MP: 0/0
   146 | D:4      | Learned a level 1 spell: Beastly Appendage
   178 | D:4      | Reached XP level 4. HP: 28/36 MP: 0/0
   328 | D:4      | Noticed an ogre
   573 | D:5      | Reached skill level 1 in Armour
   573 | D:5      | Reached XP level 5. HP: 34/41 MP: 0/0
   573 | D:5      | Learned a level 2 spell: Static Discharge
   662 | D:5      | Noticed Blork the orc
   719 | D:4      | Reached skill level 4 in Fighting
   773 | D:3      | Found a runed translucent gate.
   774 | D:3      | Found a runed translucent gate.
   903 | D:3      | Reached XP level 6. HP: 32/47 MP: 0/0
   904 | D:3      | Identified a scroll of acquirement
   904 | D:3      | Acquired the ring of Sigoarua {Ice rPois Will+++ Str-2}
  1106 | D:2      | Found a shimmering altar of Xom.
  1115 | D:2      | Became a worshipper of Xom of Bone-Dry Humour
  1331 | D:2      | XOM: divination: detect items
  1677 | D:2      | XOM: noise
  2182 | D:1      | XOM: give mutations
  2182 | D:1      | Gained mutation: You passively dampen the noise of your
                  | surroundings. [Xom's mischief]
  2182 | D:1      | Gained mutation: You are clumsy. (Dex -2) [Xom's mischief]
  2182 | D:1      | Gained mutation: You are partially covered in iridescent
                  | scales. (AC +2) [Xom's mischief]
  2334 | D:3      | Found a runed translucent gate.
  2339 | D:3      | Noticed dertzug's ghost (amateur MiGl)
  2405 | D:3      | XOM: god gift: blue potion {god gift}
  2429 | D:3      | XOM: noise
  2814 | D:4      | Found a runed translucent door.
  2817 | D:4      | Noticed Rye's ghost (novice HuBe)
  2826 | D:4      | XOM: give mutations
  2826 | D:4      | Lost mutation: You passively dampen the noise of your
                  | surroundings. [Xom's mischief]
  2826 | D:4      | Gained mutation: Your body sometimes deteriorates upon
                  | taking damage. [Xom's mischief]
  2836 | D:4      | XOM: 4-stop teleportation journey
  3095 | D:5      | Noticed an ogre
  3102 | D:5      | Noticed Menkaure
  3103 | D:5      | Killed an ogre
  3104 | D:5      | Reached XP level 7. HP: 53/53 MP: 0/0
  3104 | D:5      | Learned a level 2 spell: Ensorcelled Hibernation
  3110 | D:5      | XOM: summons 2 friendly demons
  3112 | D:5      | Killed Menkaure
  3113 | D:5      | Reached skill level 1 in Spellcasting
  3138 | D:5      | XOM: god gift: 29 gold pieces
  3238 | D:5      | XOM: give mutations
  3238 | D:5      | Lost mutation: Your body sometimes deteriorates upon taking
                  | damage. [Xom's mischief]
  3238 | D:5      | Gained mutation: You are covered in fur. (AC +1) [Xom's
                  | mischief]
  3238 | D:5      | Gained mutation: You passively map a small area around you.
                  | [Xom's mischief]
  3395 | D:5      | XOM: silly message
  3465 | D:5      | XOM: stat loss: -1 Str (10/11)
  3567 | D:5      | XOM: silly message
  3636 | D:5      | XOM: enchant monster (bad)
  3647 | D:5      | Killed Blork the orc
  3722 | D:5      | XOM: divination: detect items
  3851 | D:6      | Found Unaittyfeo's Weapon Shop.
  3855 | D:6      | Bought a +0 heavy broad axe for 110 gold pieces
  3893 | D:6      | Found Pukholy's Distillery.
  3900 | D:6      | Reached skill level 5 in Fighting
  3917 | D:6      | Found a glowing drain.
  3929 | D:6      | Reached XP level 8. HP: 48/59 MP: 0/0
  3940 | Sewer    | Entered a sewer
  4016 | Sewer    | XOM: swap monsters
  4022 | Sewer    | Reached skill level 1 in Axes
  4179 | Sewer    | XOM: summons friendly quasit
  4304 | D:6      | XOM: scenery: create altars
  4534 | D:6      | XOM: cloud trail
  4545 | D:6      | XOM: 1-stop teleportation journey
  4705 | D:6      | Bought a potion of might for 60 gold pieces
  4714 | D:6      | XOM: god gift: 25 gold pieces
  4871 | D:6      | Found a glowing silver altar of Zin.
  4872 | D:6      | Found a basalt altar of Yredelemnul.
  4905 | D:6      | Found Cagav's Book Boutique.
  4937 | D:6      | Found a staircase to the Ecumenical Temple.
  5145 | D:6      | XOM: 1-stop teleportation journey
  5248 | D:6      | XOM: give mutations
  5248 | D:6      | Gained mutation: You do not regenerate when monsters are
                  | visible. [Xom's mischief]
  5248 | D:6      | Gained mutation: You are weak. (Str -2) [Xom's mischief]
  5248 | D:6      | Gained mutation: You are covered in thick fur. (AC +2)
                  | [Xom's mischief]
  5262 | D:6      | Found Ocitsoz's Jewellery Emporium.
  5341 | D:6      | XOM: give mutation
  5341 | D:6      | Lost mutation: You are weak. (Str -2) [Xom's mischief]
  5599 | D:7      | Found a sacrificial altar of Ru.
  5617 | D:7      | Noticed a two-headed ogre
  5627 | D:7      | XOM: polymorph orc -> ball python
  5789 | D:7      | XOM: fog
  6039 | D:7      | Lost mutation: You do not regenerate when monsters are
                  | visible. [potion of mutation]
  6039 | D:7      | Lost mutation: You are partially covered in iridescent
                  | scales. (AC +2) [potion of mutation]
  6039 | D:7      | Gained mutation: You are weak. (Str -2) [potion of
                  | mutation]
  6143 | D:6      | XOM: god gift: potion of brilliance
  6217 | D:7      | XOM: cast spell 'Metabolic Englaciation'
  6219 | D:7      | XOM: blink monster(s)
  6225 | D:7      | Slain by a two-headed ogre

Illustrated notes

Levels and vault maps discovered:
D:1:      ldierk_walled_garden_2, layout_rooms
D:2:      layout_basic, basic_altar, chequers_arboretum
D:3:      layout_loops_cross, gammafunk_ghost_necromancy, st_stairs_7
D:4:      layout_rooms, mainiacjoe_overflow_boulevard, ebering_ghost_sewer_d
D:5:      layout_loops_cross, skrybe_limestone_x, minmay_misc_feat_x,
          uniq_blork_the_orc, uniq_menkaure
D:6:      layout_basic, nicolae_overflow_two_pavilions,
          minmay_temple_entry_statues, serial_shops, nicolae_shop_trees,
          nicolae_shop_crystal, nicolae_shop_hallway_stairs,
          nicolae_shop_real_fake_doors, gup_sewer_entry_pipe
D:7:      layout_layer_cave, overflow_temple_1_default, kennysheep_small_spiral

Skill      XL: |  1  2  3  4  5  6  7  8 |
---------------+-------------------------+-----
Long Blades    | 2 3 |  3.9
Dodging        | 3 4 |  4.8
Armour         | 1 2 3 |  3.0
Fighting       | 4 5 |  5.9
Spellcasting   | 1 |  1.3
Axes           | 3 |  3.6
Stealth        | |  4.1

Action                     |  1- 3 |  4- 6 |  7- 9 || total
---------------------------+-------+-------+-------++-------
  Melee: Long sword        |    31 |   167 |    96 ||   294
         Broad axe         |       |       |    88 ||    88
    Use: Potion            |     1 |     4 |     3 ||     8
         Scroll            |       |    10 |     2 ||    12
   Stab: Sleeping          |     1 |    12 |     4 ||    17
         Confused          |       |       |     1 ||     1
 Armour: Leather armour    |    12 |     2 |       ||    14
         Ring mail         |       |    52 |   149 ||   201
         Skin              |       |    31 |     3 ||    34
  Dodge: Dodged            |    25 |    91 |   159 ||   275
